 Dungeon Crawl Stone Soup version 0.26.0-16-gc1dbca0489 (webtiles) character file.

Game seed: 8207592567396556667

5120 trckry the Grappler (level 10, -6/74 (75) HPs)
             Began as a Pale Draconian Transmuter on Jan 19, 2021.
             Was an Initiate of Ru.
             Mangled by a basilisk (13 damage)
             ... on level 8 of the Dungeon.
             The game lasted 00:31:29 (13863 turns).

trckry the Grappler (Pale Draconian Transmuter)    Turns: 13863, Time: 00:31:29

HP:   -6/74 (75)    AC:  7    Str: 13    XL:     10   Next: 32%
MP:   14/14         EV: 12    Int: 22    God:    Ru [......]
Gold: 1318          SH:  0    Dex: 12    Spells: 7/15 levels left

rFire    + . .     SeeInvis .     - Unarmed
rCold    . . .     Faith    .   (no shield)
rNeg     . . .     Spirit   .   (armour unavailable)
rPois    .         Reflect  .   (helmet currently unavailable)
rElec    .         Harm     .   y - scarf {shadows}
rCorr    .         Rampage  .   (no gloves)
Will     .....                  (boots currently unavailable)
Stlth    +.........             (no amulet)
HPRegen  0.22/turn              c - +6 ring of intelligence
MPRegen  0.14/turn              h - ring of protection from fire

@: appendages (expiring), wereblooded (expiring), lightly drained
A: breathe steam, unfitting armour, horns 2, talons 2, cold-blooded, AC +7
a: Breathe Steam, End Transformation, Renounce Religion


You were on level 8 of the Dungeon.
You worshipped Ru.
Ru was noncommittal.
You had grown temporary horns.
You had grown temporary talons.
You visited 2 branches of the dungeon, and saw 10 of its levels.
You also visited: Bailey.

You collected 1318 gold pieces.

Inventory:

Hand Weapons
 F - the +3 dagger "Jedwusaock" {drain, rC+}
   (You found it on level 5 of the Dungeon)

   A truly terrible weapon, it drains the life of those it strikes.
   It protects you from cold.
Missiles
 f - 4 silver javelins
 t - 3 boomerangs of dispersal
 v - a throwing net
 C - 8 poisoned darts
 D - 3 curare-tipped darts (quivered)
 E - 2 atropa-tipped darts
Armour
 i - a +1 pair of boots (melded)
 y - a scarf of shadows (worn)
Jewellery
 c - a +6 ring of intelligence (left hand)
 h - a ring of protection from fire (right hand)
 s - an uncursed ring of protection from cold
Wands
 u - a wand of enslavement (4)
 w - a wand of digging (4)
 A - a wand of iceblast (7)
 B - a wand of disintegration (21)
Scrolls
 a - 11 scrolls of identify
 e - 3 scrolls of amnesia {unknown}
 j - 2 scrolls of enchant armour {unknown}
 l - 4 scrolls of remove curse
 n - 3 scrolls of blinking {unknown}
 o - 8 scrolls of teleportation {unknown}
 p - a scroll of noise {unknown}
 x - a scroll of fear {unknown}
 G - 3 scrolls of magic mapping {unknown}
 H - 2 scrolls of fog {unknown}
 J - a scroll of torment {unknown}
 K - 2 scrolls of immolation
 N - a scroll of brand weapon {unknown}
 O - a scroll of enchant weapon {unknown}
Potions
 b - 3 potions of attraction {unknown}
 d - 4 potions of curing
 g - a potion of mutation
 k - 2 potions of flight {unknown}
 m - 2 potions of brilliance {unknown}
 q - a potion of haste {unknown}
 r - 2 potions of invisibility {unknown}
 z - 3 potions of ambrosia {unknown}
 I - 4 potions of might {unknown}
 L - a potion of lignification {unknown}
 M - a potion of resistance {unknown}


   Skills:
 + Level 2.8 Fighting
 - Level 1.7 Dodging
 * Level 10.0 Unarmed Combat
 + Level 3.1 Spellcasting
 * Level 9.7 Transmutations
 + Level 6.8 Evocations


You had 7 spell levels left.
You knew the following spells:

 Your Spells              Type           Power        Failure   Level
a - Beastly Appendage     Tmut           46%          1%          1
b - Wereblood             Tmut           23%          1%          2
c - Blade Hands           Tmut           11%          6%          5

Your spell library contained the following spells:

 Spells                   Type           Power        Failure   Level
 Spider Form              Tmut/Pois      6%           4%          3
 Animate Skeleton         Necr           2%           12%         1
 Foxfire                  Conj/Fire      4%           12%         1
 Pain                     Necr           4%           12%         1
 Ice Form                 Ice/Tmut       12%          17%         4
 Conjure Flame            Conj/Fire      1%           36%         3
 Inner Flame              Hex/Fire       1%           36%         3
 Vampiric Draining        Necr           0%           36%         3
 Animate Dead             Necr           0%           77%         4
 Sticky Flame             Conj/Fire      1%           77%         4
 Agony                    Necr           1%           98%         5
 Fireball                 Conj/Fire      0%           98%         5


Dungeon Overview and Level Annotations

Branches:
Dungeon (9/15)             Temple (1/1) D:6          Bailey (visited)
   Lair: D:8-11         Orc: D:9-12

Altars:
Ashenzari
Cheibriados
Dithmenos
Elyvilon
Fedhas
Gozag
Hepliaklqana
Kikubaaqudgha
Makhleb
Nemelex Xobeh
Okawaru
Qazlal
Ru
Sif Muna
Trog
Uskayaw
Vehumet
Wu Jian
Xom
Yredelemnul
Zin
The Shining One

Annotations:
D:3 2 transporters, fiver49's ghost, amateur TrVM
D:4 2 transporters, Jabob's ghost, amateur HuEE


Innate Abilities, Weirdness & Mutations

You can breathe blasts of scalding, opaque steam.
Your pale cyan-grey scales are hard. (AC +7)
You cannot fit into any form of body armour.
You are cold-blooded and may be slowed by cold attacks.
You have a pair of horns on your head.
You have razor-sharp toenails.


Message History

You hit the basilisk.
The basilisk is severely wounded.
The basilisk gazes at you. You resist with some effort.
You barely miss the basilisk.
You claw the basilisk, but do no damage.
Your headbutt misses the basilisk.
The basilisk is severely wounded.
You howl as the wereblood boils in your veins!
Your transformation is almost over.
The basilisk closely misses you.
You barely miss the basilisk. Your kick misses the basilisk.
The basilisk is severely wounded.
The basilisk bites you!
* * * LOW HITPOINT WARNING * * *
You hit the basilisk. You claw the basilisk.
The basilisk is severely wounded.
Your primal bloodlust is almost over.
The basilisk bites you!
You die...

....#...#.........#....#...^.....
....'...#.........#....#.........
....#...#.........#>...+.........
....#...#.........#...##....##...
....#...##........#...##....##...
....#...##........#.........#####
....#...##...###'##...##....#....
....#...##...##.)##...##....#....
....#...#.....#.@...........#....
....#...#.....#..l..........#....
....#...#.....#.............#....
....##'####'#################....
..............................###
..............................#..
..............................+..
..............................#..
..............................#..


You could see a basilisk.

Vanquished Creatures
  Harold (D:9)
  Grinder (D:4)
  A vampire (D:9)
  A wyvern (D:9)
  A yak (D:9)
  Menkaure (D:6)
  A water moccasin (D:9)
  4 orc warriors
  2 black bears
  A sky beast (D:5)
  An ice beast (D:5)
  A phantom (D:8)
  5 centaurs
  An ogre (D:4)
  3 bullfrogs
  A gnoll sergeant (D:5)
  3 scorpions
  A water moccasin zombie (D:5)
  11 wights
  A quasit (D:7)
  A centaur zombie (D:6)
  6 hounds
  3 jellies
  6 orc priests
  6 worker ants
  4 iguanas
  4 orc wizards
  A hound zombie (D:7)
  A hound skeleton (D:4)
  A worker ant zombie (D:7)
  13 gnolls
  A howler monkey skeleton (D:5)
  8 adders
  2 shadow imps
  A white imp (D:5)
  2 ufetubi
  An ooze (D:5)
  2 adder skeletons
  4 worms
  4 dart slugs
  6 leopard geckos
  36 orcs
  4 ball pythons
  11 bats
  2 giant cockroaches
  10 goblins
  10 hobgoblins
  10 jackals
  14 kobolds
  6 quokkas
  5 frilled lizards
  A giant cockroach zombie (D:6)
  A leopard gecko skeleton (D:6)
  A leopard gecko zombie (D:6)
  A quokka skeleton (D:5)
  A quokka zombie (D:5)
  3 rats
235 creatures vanquished.

Vanquished Creatures (others)
  A fungus (D:9)
1 creature vanquished.

Grand Total: 236 creatures vanquished

Notes
Turn   | Place    | Note
-------+----------+-------------------------------------------
     0 | D:1      | trckry the Draconian Transmuter began the quest for the
                  | Orb.
     0 | D:1      | Reached XP level 1. HP: 16/16 MP: 3/3
    15 | D:1      | You fall into a shaft and drop 1 floor!
   243 | D:2      | Reached XP level 2. HP: 18/23 MP: 3/5
   932 | D:1      | Found a sparkling altar of Nemelex Xobeh.
  1124 | D:1      | Reached XP level 3. HP: 23/28 MP: 6/6
  1860 | D:3      | Found a transporter.
  1863 | D:3      | Noticed fiver49's ghost (amateur TrVM)
  1878 | D:3      | Found a transporter.
  1928 | D:3      | Reached skill level 4 in Unarmed Combat
  1936 | D:3      | Learned a level 2 spell: Wereblood
  2101 | D:3      | Reached XP level 4. HP: 28/35 MP: 5/7
  2536 | D:3      | Noticed an ogre
  3295 | D:3      | HP: 3/35 [iguana (6)]
  3346 | D:3      | Reached XP level 5. HP: 10/40 MP: 6/8
  4491 | D:4      | Reached skill level 1 in Evocations
  4835 | D:4      | Reached skill level 5 in Unarmed Combat
  4845 | D:4      | Reached XP level 6. HP: 11/47 MP: 9/9
  5159 | D:4      | HP: 4/47 [orc priest/divine providence (17)]
  5843 | D:4      | Found a transporter.
  6184 | D:4      | Reached skill level 5 in Transmutations
  6200 | D:4      | Found a bloodstained altar of Trog.
  6550 | D:4      | Your scales start taking on a pale cyan-grey colour.
  6550 | D:4      | Reached XP level 7. HP: 52/52 MP: 8/10
  6568 | D:4      | Noticed Grinder
  6574 | D:4      | Killed Grinder
  6575 | D:4      | Reached skill level 6 in Unarmed Combat
  7111 | D:4      | Found a transporter.
  7111 | D:4      | Noticed Jabob's ghost (amateur HuEE)
  7323 | D:5      | Entered Level 5 of the Dungeon
  7424 | D:5      | Got a crystal dagger
  7425 | D:5      | Identified the cursed +3 dagger "Jedwusaock" {drain, rC+}
                  | (You found it on level 5 of the Dungeon)
  7451 | D:5      | Learned a level 5 spell: Blade Hands
  7532 | D:5      | Reached XP level 8. HP: 42/59 MP: 11/11
  7806 | D:5      | Reached skill level 7 in Unarmed Combat
  8615 | D:6      | Found a staircase to the Ecumenical Temple.
  8624 | Temple   | Entered the Ecumenical Temple
  8890 | D:6      | Noticed Menkaure
  8903 | D:6      | Killed Menkaure
  9204 | D:6      | Reached skill level 8 in Unarmed Combat
  9432 | D:6      | Reached skill level 5 in Evocations
  9799 | D:6      | Reached XP level 9. HP: 48/64 MP: 12/12
 10259 | D:6      | Found a sacrificial altar of Ru.
 10266 | D:6      | Became a worshipper of Ru the Awakened
 10300 | D:7      | Found a flagged portal.
 10314 | Bailey   | Entered a bailey
 10739 | Bailey   | Found a bloodstained altar of Trog.
 10773 | Bailey   | Got a transparent quarterstaff
 11422 | D:7      | Found a shimmering altar of Xom.
 11628 | D:7      | Reached skill level 9 in Unarmed Combat
 12275 | D:8      | Found an opulent altar of Gozag.
 12548 | D:8      | Found a burning altar of Makhleb.
 12983 | D:9      | HP: 4/64 [vampire (8)]
 13295 | D:9      | Found a shadowy altar of Dithmenos.
 13298 | D:9      | Found a snail-covered altar of Cheibriados.
 13503 | D:9      | Reached XP level 10. HP: 62/73 MP: 11/13
 13654 | D:9      | Noticed Harold
 13665 | D:9      | Killed Harold
 13666 | D:9      | Reached skill level 10 in Unarmed Combat
 13862 | D:8      | HP: 6/74 [basilisk (10)]
 13863 | D:8      | Mangled by a basilisk

Illustrated notes

Levels and vault maps discovered:
D:1:      nzn_arrival_depleted_hourglass, layout_rooms, nemelex_altar_shiori
D:2:      layout_rooms
D:3:      minmay_recursive_quarters, layout_loops_ring, gammafunk_ghost_arena
D:4:      kennysheep_spiral_hall, layout_basic, gammafunk_ghost_mausoleum,
          trog_book, uniq_grinder
D:5:      layout_basic
D:6:      layout_basic, nicolae_ru_path_of_blood,
          minmay_temple_entry_nine_rooms, nrook_uturn, uniq_menkaure
D:7:      layout_basic, xom_teletrap_fun, enter_bailey_3
D:8:      layout_gridville, grunt_gozag_statues, makhleb_heckhound_becter
D:9:      layout_cave_pools, chequers_temple_overflow_statue_of_worship,
          david_lair_generic, uniq_harold
Temple:   lightli_temple_of_artemis

Skill      XL: |  1  2  3  4  5  6  7  8  9 10 |
---------------+-------------------------------+-----
Transmutations | 3 4 5 6 7 9 |  9.7
Unarmed Combat | 4 5 6 8 9 10 | 10.0
Evocations     | 1 2 3 5 6 |  6.8
Fighting       | 2 |  2.8
Spellcasting   | 3 |  3.1
Dodging        | |  1.7

Action                   |  1- 3 |  4- 6 |  7- 9 | 10-12 || total
-------------------------+-------+-------+-------+-------++-------
Melee: Unarmed           |   133 |   245 |   361 |    36 ||   775
       Kick              |     9 |    37 |    47 |    11 ||   104
       Tailslap          |     7 |    16 |    35 |     2 ||    60
       Headbutt          |     4 |    21 |    32 |     6 ||    63
       Punch             |       |     3 |    10 |       ||    13
Throw: Dart              |       |     6 |     4 |     1 ||    11
       Javelin           |       |     2 |       |       ||     2
 Cast: Beastly Appendage |    10 |    28 |    40 |     2 ||    80
       Wereblood         |       |     3 |     6 |     1 ||    10
       Blade Hands       |       |       |     2 |     1 ||     3
Invok: Reject Sacrifices |       |       |     1 |       ||     1
 Abil: Breathe Steam     |       |       |    32 |     6 ||    38
  Use: Potion            |       |     1 |       |       ||     1
       Scroll            |       |       |     3 |       ||     3
 Stab: Sleeping          |       |     1 |       |       ||     1
       Distracted        |       |       |     2 |       ||     2
Armor: Skin              |    52 |    65 |   141 |     4 ||   262
Dodge: Dodged            |    85 |   136 |   222 |    27 ||   470
